 Dungeon Crawl Stone Soup version 0.30-a0-1160-g6e42c06551 (webtiles) character file.

Game seed: 544351820700511852

3234 Pooter the Cleaver (level 9, -7/121 HPs)
             Began as a Minotaur Berserker on Apr 27, 2023.
             Was a Priest of Trog.
             Killed from afar by Psyche (8 damage)
             ... with a chain of chaos
             ... on level 8 of the Dungeon.
             The game lasted 00:37:56 (7122 turns).

Pooter the Cleaver (Minotaur Berserker)             Turns: 7122, Time: 00:37:57

Health: -7/121     AC:  0    Str: 27    XL:     9   Next: 66%
Magic:  0/8        EV: 14    Int:  4    God:    Trog [***...]
Gold:   11         SH:  0    Dex:  9    Spells: 8/8 levels left

rFire   . . .        a - melded +0 war axe
rCold   . . .        (shield currently unavailable)
rNeg    . . .        o - melded +3 plate armour
rPois   .            (helmet currently unavailable)
rElec   .            g - melded +0 cloak
rCorr   .            i - melded +0 pair of gloves
SInv    .            (boots currently unavailable)
Will    .....        G - amulet of guardian spirit Stlth
                     F - melded ring of protection from fire
HPRegen 0.40/turn    z - melded +6 ring of dexterity
MPRegen 0.11/turn

%: guardian spirit
@: mighty, berserking (expiring), lethally poisoned (-7 -> -11), pig-form, very
quick
A: fast, no casting, small, (horns 2), (retaliatory headbutt)
a: Renounce Religion, Berserk, Trog's Hand


You were on level 8 of the Dungeon.
You worshipped Trog.
Trog was most pleased with you.
You were a filthy swine.
You visited 1 branch of the dungeon, and saw 8 of its levels.
You also visited: Bailey.

You collected 110 gold pieces.
You spent 99 gold pieces at shops.

Inventory:

Hand Weapons
 a - a +0 war axe (melded)
   (You took it off an orc on level 6 of the Dungeon)
 b - a +0 arbalest
   (You bought it in a shop on level 7 of the Dungeon)
 c - a +0 spear
   (You took it off a goblin on level 7 of the Dungeon)
 q - a +3 spectral quarterstaff
   (You took it off Joseph on level 7 of the Dungeon)
 s - a +0 halberd
   (You took it off an orc in a bailey)
 w - a +0 hand axe
 B - a +1 trident of protection
   (You took it off an orc on level 3 of the Dungeon)
Missiles
 j - a boomerang
 r - 5 poisoned darts
 Q - 71 stones (quivered)
Armour
 g - a +0 cloak (melded)
   (You found it on level 1 of the Dungeon)
 i - a +0 pair of gloves (melded)
   (You found it on level 8 of the Dungeon)
 o - a +3 plate armour (melded)
   (You found it on level 2 of the Dungeon)
Jewellery
 z - a +6 ring of dexterity (melded)
   (You found it on level 3 of the Dungeon)
 F - a ring of protection from fire (melded)
   (You found it on level 1 of the Dungeon)
 G - an amulet of guardian spirit (around neck)
   (You found it on level 4 of the Dungeon)
Wands
 D - a wand of digging (13)
   (You took it off Ijyb on level 5 of the Dungeon)
Scrolls
 m - 3 scrolls of magic mapping
 n - 2 scrolls of noise {!r}
 t - 2 scrolls of teleportation {@r4}
 x - a scroll of poison {!r}
 y - a scroll of immolation {!r}
Potions
 d - a potion of attraction {!q}
 e - 4 potions of heal wounds {@q2}
 f - 2 potions of brilliance {unknown}
 h - a potion of mutation {unknown}
 k - 3 potions of curing {@q1}
 l - 3 potions of haste {unknown}
 p - 2 potions of invisibility {unknown}
 u - 2 potions of flight {unknown}
 v - a potion of degeneration {unknown}
 A - a potion of lignification {unknown}


   Skills:
 + Level 8.1 Fighting
 * Level 10.4(10.6) Axes
 - Level 3.2(7.4) Polearms
 * Level 7.8 Ranged Weapons
 - Level 2.4 Armour
 - Level 2.1 Dodging
 - Level 4.0 Stealth


You had 8 spell levels left.
You didn't know any spells.
Your spell library was empty.

Dungeon Overview and Level Annotations

Branches:
Dungeon (8/15)             Temple (0/1) D:6          Bailey (visited)
   Lair: D:8-11

Altars:
Fedhas
Makhleb
Nemelex Xobeh

Shops:
D:5 [   D:7 ((

Annotations:
D:8 1 transporter, Psyche


Innate Abilities, Weirdness & Mutations

You are a filthy swine.
You move quickly.
Your equipment is almost entirely melded.
You are incapable of wielding weapons or throwing items.
You cannot cast spells.
((You have a pair of horns on your head.))
((You reflexively headbutt those who attack you in melee.))


Message History

The arc of chaos hits the black bear.
The arc of chaos hits you! The black bear completely misses you.
The black bear claws you.
* * * LOW HITPOINT WARNING * * *
The black bear claws you.
* * * LOW HITPOINT WARNING * * *
You barely miss something. The killer bee closely misses you.
You hear some strange, mumbled words.
Unknown command.
You barely miss the killer bee.
You feel sick. The killer bee barely misses you. The black bear misses you.
The black bear claws you.
* * * LOW HITPOINT WARNING * * *
The black bear claws you.
* * * LOW HITPOINT WARNING * * *
Something barely misses you. The killer bee barely misses you.
You closely miss the killer bee.
You feel sick. The killer bee closely misses you.
The black bear closely misses you. x2
The black bear completely misses you.
Unknown command.
You miss the killer bee. Something hits you.
* * * LOW MAGIC WARNING * * *
* * * LOW HITPOINT WARNING * * *
Space warps around you.
* * * LOW MAGIC WARNING * * *
* * * LOW HITPOINT WARNING * * *
The killer bee stings you.
* * * LOW HITPOINT WARNING * * *
Unknown command.
You barely miss the killer bee.
You feel sick. The killer bee barely misses you.
A basilisk comes into view.
The black bear misses you. The black bear barely misses you. x2
Unknown command.
Unknown command.
You barely miss the killer bee. The killer bee stings you.
* * * LOW MAGIC WARNING * * *
* * * LOW HITPOINT WARNING * * *
You bite the killer bee!
You kill the killer bee!
Trog accepts your kill.
* * * LOW HITPOINT WARNING * * *
You feel sick.
You are no longer poisoned.
You hear some strange, mumbled words.
A swirling arc of seething chaos appears!
An arc of chaos appears from out of thin air!
The arc of chaos hits you!
You are lethally poisoned!
You die...

#....##..# ..
#.........####.y
#..............y
#...............
#......>........
#....##........
##....##........
#....†##.......#
#....h##........
.
#....{h.l.......
#
#.....Y........#
#
#..............#
.
#...........(..#
#
########.......#
..## ####+####
$... .... ....


You could see an elephant, a basilisk and a black bear.

Vanquished Creatures
  Maurice (D:8)
  Joseph (D:7)
  A gargoyle (D:8)
  Maggie (D:8)
  2 yaks
  A water moccasin (D:6)
  A black bear (D:4)
  An orc warrior (Bailey)
  An ice beast (D:7)
  2 phantoms
  2 scorpions
  A bullfrog (D:6)
  4 wights (D:6)
  3 killer bees (D:8)
  2 howler monkeys
  3 hounds
  A jelly (D:6)
  2 gnoll boudas
  Ijyb (D:5)
  A sleepcap (D:4)
  3 iguanas
  4 orc wizards
  Terence (D:3)
  8 gnolls
  4 adders
  2 shadow imps
  A white imp (D:6)
  An ufetubus (D:6)
  3 worms
  A dart slug (D:2)
  31 orcs
  5 bats
  7 endoplasms
  2 giant cockroaches
  6 hobgoblins
  6 jackals
  7 kobolds
  8 quokkas
  7 ball pythons
  2 frilled lizards
  9 goblins
  A rat (D:2)
  A spectral weapon (D:7)
152 creatures vanquished.

Vanquished Creatures (others)
  A killer bee (D:8)
1 creature vanquished.

Grand Total: 153 creatures vanquished

Notes
Turn   | Place    | Note
-------+----------+-------------------------------------------
     0 | D:1      | Pooter the Minotaur Berserker began the quest for the Orb.
     0 | D:1      | Reached XP level 1. HP: 19/19 MP: 0/0
   206 | D:1      | Reached XP level 2. HP: 25/27 MP: 1/1
   208 | D:1      | Reached skill level 4 in Axes
   349 | D:1      | Reached skill level 1 in Stealth
   884 | D:1      | Reached XP level 3. HP: 33/33 MP: 2/2
   947 | D:2      | Reached ** piety under Trog
  1668 | D:3      | You fall into a shaft and drop 2 floors!
  1668 | D:5      | Entered Level 5 of the Dungeon
  1696 | D:4      | Reached XP level 4. HP: 40/40 MP: 3/3
  1704 | D:4      | Reached skill level 5 in Axes
  1836 | D:4      | Reached XP level 5. HP: 47/47 MP: 4/4
  1902 | D:4      | Found a burning altar of Makhleb.
  1902 | D:4      | Found a sparkling altar of Nemelex Xobeh.
  2030 | D:4      | Noticed a black bear
  2037 | D:4      | Killed a black bear
  2038 | D:4      | Reached XP level 6. HP: 55/55 MP: 5/5
  2088 | D:3      | Reached skill level 5 in Fighting
  2088 | D:3      | Reached skill level 6 in Axes
  2525 | D:3      | Noticed Terence
  2536 | D:3      | Killed Terence
  3098 | D:4      | Reached XP level 7. HP: 61/61 MP: 6/6
  3767 | D:5      | Noticed Ijyb
  3813 | D:5      | Killed Ijyb
  3814 | D:5      | Reached skill level 1 in Polearms
  3814 | D:5      | Reached skill level 1 in Ranged Weapons
  4089 | D:5      | Found Zaimp's Antique Armour Shoppe.
  4249 | D:5      | Found a blossoming altar of Fedhas.
  4373 | D:6      | Found a staircase to the Ecumenical Temple.
  4393 | D:6      | Reached skill level 7 in Axes
  4743 | D:6      | Reached *** piety under Trog
  4758 | D:6      | Reached XP level 8. HP: 70/70 MP: 7/7
  5056 | D:7      | Found a flagged portal.
  5064 | D:7      | Reached skill level 8 in Axes
  5104 | D:7      | Reached skill level 5 in Ranged Weapons
  5118 | Bailey   | Entered a bailey
  5659 | Bailey   | Noticed an orc knight
  5688 | Bailey   | Noticed an orc knight
  5740 | Bailey   | HP: 3/106 [orc warrior/+0 halberd (10)]
  6046 | D:7      | Noticed Joseph
  6065 | D:7      | Killed Joseph
  6217 | D:6      | Reached skill level 9 in Axes
  6217 | D:6      | Reached XP level 9. HP: 62/79 MP: 5/8
  6302 | D:7      | Found Tozeoxt's Antique Weapon Shop.
  6310 | D:7      | Bought an arbalest for 99 gold pieces
  6373 | D:7      | Found Zesiel's Weapon Shoppe.
  6785 | D:8      | Found a transporter.
  6787 | D:8      | Noticed an orc knight
  6787 | D:8      | Noticed an efreet
  6788 | D:8      | Noticed a tengu conjurer
  6789 | D:8      | Noticed a boulder beetle
  6789 | D:8      | Noticed a centaur warrior
  6789 | D:8      | Noticed a boulder beetle
  6793 | D:8      | Noticed a two-headed ogre
  6807 | D:8      | Noticed Maurice
  6816 | D:8      | Noticed a gargoyle
  6819 | D:8      | Noticed Maggie
  6822 | D:8      | Killed Maurice
  6823 | D:8      | Killed a gargoyle
  6824 | D:8      | Reached skill level 10 in Axes
  6834 | D:8      | Killed Maggie
  7092 | D:8      | Noticed Psyche
  7113 | D:8      | Noticed an elephant
  7121 | D:8      | HP: 2/121 [killer bee (5)]
  7122 | D:8      | Killed from afar by Psyche

Illustrated notes

Levels and vault maps discovered:
D:1:      dpeg_arrival_ternary, layout_loops_cross, kennysheep_doodads,
          chequers_serial_rivers_marsh
D:2:      layout_loops_cross, minmay_large_rounded_square,
          corexii_leaking_fountain
D:3:      layout_basic, kennysheep_generic_room_5, uniq_terence
D:4:      layout_loops_corners, mainiacjoe_overflow_large_starburst
D:5:      layout_rooms, kennysheep_mini_moat, serial_shops,
          nicolae_diamond_shop, uniq_ijyb
D:6:      layout_basic, minmay_temple_entry_trees
D:7:      layout_basic, enter_bailey_3, serial_shops, shop,
          nicolae_shop_tiny_statue_garden, dreamdust_gnoll_shepherd, uniq_joseph
D:8:      gammafunk_sealed_arena, layout_gridville, david_lair_generic,
          uniq_maggie, uniq_erica, uniq_maurice, uniq_psyche

Skill      XL: |  1  2  3  4  5  6  7  8  9 |
---------------+----------------------------+-----
Axes           | 4 5 6 7 9 10 | 10.4
Stealth        | 1 2 3 4 |  4.0
Fighting       | 4 5 6 7 8 |  8.1
Polearms       | 3 |  3.2
Ranged Weapons | 3 6 7 |  7.8
Armour         | |  2.4
Dodging        | |  2.1

Action                     |  1- 3 |  4- 6 |  7- 9 || total
---------------------------+-------+-------+-------++-------
  Melee: Hand axe          |    37 |       |       ||    37
         Quarterstaff      |    36 |    17 |       ||    53
         Headbutt          |     2 |    15 |    37 ||    54
         Flail             |       |    68 |       ||    68
         Punch             |       |     1 |     1 ||     2
         Trident           |       |    17 |    73 ||    90
         War axe           |       |       |   120 ||   120
         Unarmed           |       |       |    12 ||    12
   Fire: Sling             |       |       |   113 ||   113
         Arbalest          |       |       |     7 ||     7
  Throw: Stone             |       |     9 |     5 ||    14
         Dart              |       |     3 |     1 ||     4
 Invoke: Berserk           |     2 |     6 |    11 ||    19
         Trog's Hand       |     1 |     3 |     6 ||    10
    Use: Scroll            |     3 |       |    16 ||    19
         Potion            |       |       |     2 ||     2
   Stab: Confused          |       |       |     1 ||     1
 Armour: Animal skin       |     9 |       |       ||     9
         Scale mail        |     7 |       |       ||     7
         Plate armour      |     6 |    62 |   143 ||   211
  Dodge: Dodged            |    62 |    29 |   106 ||   197

Table legend: (Time is in decaauts)
 A = Elapsed time spent in this place.
 B = Non-inter-level travel time spent in this place.
 C = Inter-level travel time spent in this place.
 D = Time resting spent in this place.
 E = Time spent auto-exploring this place.
 F = Levels seen in this place.
 G = Mean time per level.
                   A        B        C        D        E       F      G
               +--------+--------+--------+--------+--------+-----+--------+
         Total |   7404 |   7193 |    211 |   2126 |   3570 |   9 |  822.7 |
       Dungeon |   6718 |   6507 |    211 |   1668 |   3570 |   8 |  839.8 |
        Bailey |    686 |    686 |      0 |    457 |      0 |   1 |  686.0 |
               +--------+--------+--------+--------+--------+-----+--------+

Top non-repeatable levels by time:
     D:4: 1318 daAuts
     D:7: 1050 daAuts
     D:3: 1016 daAuts
     D:1: 964 daAuts
     D:6: 821 daAuts
  Bailey: 686 daAuts
     D:2: 650 daAuts
     D:5: 513 daAuts
     D:8: 384 daAuts
